 Dungeon Crawl Stone Soup version 0.27-a0-1434-g6f15984924 (webtiles) character file.

Game seed: 16695487504403678022

6173 Brandom the Fighter (level 10, -2/61 (65) HPs)
             Began as an Octopode Transmuter on July 2, 2021.
             Was a High Priest of Hepliaklqana.
             Slain by an unseen horror (9 damage)
             ... on level 9 of the Dungeon.
             The game lasted 00:33:00 (12792 turns).

Brandom the Fighter (Octopode Transmuter)          Turns: 12792, Time: 00:33:01

HP:   -2/61 (65)    AC:  3    Str: 10    XL:     10   Next: 91%
MP:   16/16         EV: 15    Int: 18    God:    Hepliaklqana [*****.]
Gold: 475           SH:  0    Dex: 13    Spells: 7/17 levels left

rFire    . . .     SeeInvis .     - Unarmed
rCold    . . .     Faith    .   (no shield)
rNeg     . . .     Spirit   .   k - +2 hat
rPois    .         Reflect  .   (no amulet)
rElec    .         Harm     .   (no ring)
rCorr    .         Rampage  .   (no ring)
Will     .....                  (no ring)
Stlth    ++........             (no ring)
HPRegen  0.20/turn              (no ring)
MPRegen  0.15/turn              (no ring)
                                (no ring)
                                (no ring)

@: attractive, drained
A: reduced essence, almost no armour, amphibious, 8 rings, camouflage 1,
gelatinous body 1, (nimble swimmer 1), tentacles
a: Renounce Religion, Recall Ancestor, Ancestor Identity, Transference, Idealise


You were on level 9 of the Dungeon.
You worshipped Hepliaklqana.
Hepliaklqana was extremely pleased with you.
You visited 1 branch of the dungeon, and saw 9 of its levels.

You collected 475 gold pieces.

Inventory:

Hand Weapons
 a - a +0 trident
   (You took it off an orc on level 4 of the Dungeon)
Missiles
 r - a curare-tipped dart {!f}
 w - 4 throwing nets {!f}
Armour
 k - a +2 hat (worn)
   (You found it on level 6 of the Dungeon)
Jewellery
 m - an amulet of faith {!P}
   (You took it off a kobold brigand on level 7 of the Dungeon)
Wands
 t - a wand of flame (29)
   (You found it on level 4 of the Dungeon)
 u - a wand of paralysis (4)
   (You found it on level 7 of the Dungeon)
Scrolls
 c - 3 scrolls of enchant armour
 e - a scroll of enchant weapon {unknown}
 g - 2 scrolls of vulnerability {!r}
 h - 4 scrolls of teleportation {@r4}
 l - 3 scrolls of noise {!r}
 n - a scroll of magic mapping {unknown}
 q - a scroll of amnesia {unknown}
 s - a scroll of blinking {unknown}
Potions
 b - 2 potions of haste {@q3}
 d - 2 potions of mutation {unknown}
 f - 2 potions of flight
 i - a potion of attraction {!q}
 j - a potion of cancellation
 o - a potion of curing {unknown}
 p - 2 potions of heal wounds {unknown}
Miscellaneous
 v - a tin of tremorstones (2/2)
   (You found it on level 9 of the Dungeon)


   Skills:
 * Level 8.9 Fighting
 + Level 6.5 Dodging
 + Level 6.9 Unarmed Combat
 - Level 4.0 Spellcasting
 + Level 6.5 Transmutations
 + Level 5.8 Ice Magic
 + Level 3.0 Earth Magic
 - Level 2.0 Poison Magic


You had 7 spell levels left.
You knew the following spells:

 Your Spells              Type           Power      Damage    Failure   Level
a - Beastly Appendage     Tmut           54%        N/A       1%          1
b - Ice Form              Ice/Tmut       25%        N/A       12%         4
c - Passwall              Tmut/Erth      16%        N/A       3%          2
x - Spider Form           Tmut/Pois      9%         N/A       8%          3

Your spell library contained the following spells:

 Spells                   Type           Power      Damage    Failure   Level
 Wereblood                Tmut           27%        N/A       1%          2
 Sandblast                Erth           28%        2d8       4%          1
 Magic Dart               Conj           12%        1d3       14%         1
 Ignite Poison            Fire/Tmut/Pois 13%        N/A       14%         3
 Searing Ray              Conj           6%         3d3       22%         2
 Stone Arrow              Conj/Erth      18%        3d8       24%         3
 Mephitic Cloud           Conj/Pois/Air  6%         N/A       32%         3
 Lee's Rapid Deconstruct  Erth           7%         3d7*      75%         5
 Fulminant Prism          Conj/Hex       1%         3d6       82%         4
 Bolt of Magma            Conj/Fire/Erth 3%         4d5       95%         5
 Fireball                 Conj/Fire      1%         3d3       99%         5
 Iskenderun's Battlesphe  Conj           3%         2d6       99%         5
 Conjure Ball Lightning   Conj/Air       1%         3x3d6     100%        6
 Starburst                Conj/Fire      1%         8x6d3     100%        6
 Orb of Destruction       Conj           1%         N/A       100%        7
 Ignition                 Fire           1%         3d3       100%        8
 Shatter                  Erth           7%         3d9*      100%        9


Dungeon Overview and Level Annotations

Branches:
Dungeon (9/15)             Temple (0/1) D:7
   Lair: D:8-11         Orc: D:9-12

Altars:
Elyvilon
Hepliaklqana
Okawaru
Zin
The Shining One

Shops:
D:4 =   D:6 [

Annotations:
D:9 2 transporters


Innate Abilities, Weirdness & Mutations

Your life essence is reduced to manifest your ancestor. (-10% HP)
You cannot wear most types of armour.
You are amphibious.
You can wear up to eight rings at the same time.
Your skin changes colour to match your surroundings (Stealth+).
Your rubbery body absorbs attacks. (AC +1, EV +1)
((You are camouflaged near water. (Stealth+)))
You have tentacles for arms and can constrict up to eight enemies at once.


Message History

Your grab misses the wight. Your squeeze misses the wight.
Decima points at the wight and mumbles some strange words.
The wight resists with some effort.
The wight hits you with a +0 short sword.
You tentacle-slap the wight. Your grab misses the wight.
The wight hits you but does no damage.
You bludgeon the wight! You grab the wight.
You constrict the wight, but do no damage.
The wight hits you with a +0 short sword.
You tentacle-slap the wight but do no damage.
You squeeze the wight, but do no damage.
You constrict the wight.
You destroy the wight!
No target in view!
Things that are here:
a +0 short sword; a +0 robe
Found a stone staircase leading up.
A wight comes into view. It is wielding a +0 falchion.
Found an escape hatch in the ceiling.
Something hits you.
Deactivating autopickup; reactivate with Ctrl-A.
You closely miss something. Something hits you!
Something hits Decima but does no damage.
You tentacle-slap the wight but do no damage.
Your grab misses the wight. Your squeeze misses the wight.
Something barely misses you.
Unknown command.
You bludgeon the wight! You grab the wight. You constrict the wight.
Something hits you! The wight hits you with a +0 falchion.
You feel drained.
* * * LOW HITPOINT WARNING * * *
Something hits Decima.
Decima gestures at something while chanting.
You release your grip on the wight.
The wight hits you with a +0 falchion.
* * * LOW HITPOINT WARNING * * *
You feel drained.
* * * LOW HITPOINT WARNING * * *
Decima casts a spell at something.
Something hits you!
* * * LOW HITPOINT WARNING * * *
The wight hits you with a +0 falchion!
* * * LOW HITPOINT WARNING * * *
Something hits you.
* * * LOW HITPOINT WARNING * * *
Decima hits something with a +0 dagger of draining.
It was a potion of attraction.
You feel attractive to monsters. Something hits you!
You die...

# #. #.#.###
.##<#.#<# #####
......#.###...#.
.................
##
.................
.
.......@#.#.#.#.#
##
......z.#.#.#.#.#
#.
......R...#.#.#.#
..#...........#.#
# .
##..........#.###
#..
##########.....#
#..> #...#
#.#.#.####.# #
#..g #.#.# #.....
#. #...
#######.#.#
#.##..


You could see the friendly Decima the hexer and a wight.

Vanquished Creatures
  Harold (D:9)
  A cyclops (D:7)
  Eustachio (D:5)
  2 water moccasins (D:7)
  2 orc warriors
  3 ogres
  A necrophage (D:6)
  A centaur (D:9)
  A phantom (D:3)
  2 kobold brigands
  2 wyvern zombies (D:7)
  A gnoll sergeant (D:7)
  A bullfrog (D:6)
  2 scorpions
  2 wyvern skeletons
  A water moccasin skeleton (D:7)
  8 killer bees (D:7)
  A howler monkey (D:8)
  6 wights
  A centaur zombie (D:7)
  2 centaur skeletons (D:7)
  A bullfrog skeleton (D:3)
  3 orc priests
  2 hounds
  A jelly (D:7)
  3 iguanas
  4 orc wizards
  A killer bee zombie (D:8)
  A howler monkey skeleton (D:6)
  An adder (D:4)
  7 gnolls
  A shadow imp (D:8)
  An ufetubus (D:5)
  2 worms (D:2)
  A dart slug (D:1)
  22 orcs
  7 bats
  4 endoplasms
  3 giant cockroaches
  6 goblins
  8 hobgoblins
  5 jackals (D:3)
  5 quokkas
  9 ball pythons
  4 frilled lizards
  10 kobolds
  3 rats
157 creatures vanquished.

Vanquished Creatures (collateral kills)
  An ugly thing (D:7)
  Joseph (D:8)
  Maggie (D:8)
  Sigmund (D:4)
  A water moccasin (D:7)
  A sky beast (D:7)
  An ice beast (D:7)
  An ogre (D:5)
  3 bullfrogs
  A gnoll sergeant (D:9)
  A wight (D:7)
  A centaur zombie (D:6)
  A jelly (D:4)
  A centaur skeleton (D:7)
  Ijyb (D:4)
  A hound skeleton (D:4)
  2 adders
  A white imp (D:7)
  An adder skeleton (D:4)
  8 orcs
  3 endoplasms
  A goblin (D:1)
  A hobgoblin (D:3)
  2 jackals (D:3)
  A frilled lizard (D:2)
  4 kobolds
42 creatures vanquished.

Vanquished Creatures (others)
  A hexer (D:8)
1 creature vanquished.

Grand Total: 200 creatures vanquished

Notes
Turn   | Place    | Note
-------+----------+-------------------------------------------
     0 | D:1      | Brandom the Octopode Transmuter began the quest for the
                  | Orb.
     0 | D:1      | Reached XP level 1. HP: 13/13 MP: 3/3
   256 | D:1      | Reached XP level 2. HP: 16/18 MP: 5/5
   388 | D:1      | Found a faded altar of an unknown god.
   398 | D:1      | Became a worshipper of Hepliaklqana the Forgotten
   398 | D:1      | Reached * piety under Hepliaklqana
   850 | D:1      | Reached XP level 3. HP: 20/21 MP: 6/6
   855 | D:1      | Reached skill level 2 in Fighting
  1341 | D:2      | Reached ** piety under Hepliaklqana
  1342 | D:2      | Remembered your ancestor Decima as a hexer
  2047 | D:3      | Reached XP level 4. HP: 27/27 MP: 7/7
  2099 | D:3      | Learned a level 4 spell: Ice Form
  2554 | D:3      | Noticed a phantom
  2574 | D:3      | Killed a phantom
  2575 | D:3      | Reached skill level 3 in Fighting
  2575 | D:3      | Reached skill level 1 in Ice Magic
  2575 | D:3      | Reached XP level 5. HP: 24/32 MP: 7/9
  3199 | D:4      | Reached XP level 6. HP: 27/37 MP: 10/10
  3604 | D:4      | Learned a level 3 spell: Spider Form
  3605 | D:4      | Found Putunn's Jewellery Shoppe.
  3641 | D:4      | Noticed Sigmund
  3664 | D:4      | Killed Sigmund
  3665 | D:4      | Reached skill level 1 in Poison Magic
  3665 | D:4      | Reached XP level 7. HP: 14/42 MP: 11/11
  3873 | D:4      | Noticed Ijyb
  3884 | D:4      | Killed Ijyb
  4453 | D:4      | Reached skill level 4 in Fighting
  4871 | D:4      | Reached *** piety under Hepliaklqana
  4981 | D:5      | Entered Level 5 of the Dungeon
  5044 | D:5      | Found an iron altar of Okawaru.
  5132 | D:5      | Noticed Eustachio
  5157 | D:5      | Killed Eustachio
  5158 | D:5      | Reached XP level 8. HP: 40/48 MP: 8/13
  5681 | D:5      | Reached skill level 5 in Fighting
  5820 | D:5      | Identified the +6 dagger "Aresh" {holy, rN+ Str+2}
  6232 | D:6      | Found Soitax Seni's Armour Shoppe.
  7019 | D:7      | Reached **** piety under Hepliaklqana
  7155 | D:7      | Noticed a white ugly thing
  7156 | D:7      | Noticed a cyclops
  7391 | D:7      | Reached skill level 5 in Unarmed Combat
  7575 | D:7      | Killed a cyclops
  7576 | D:7      | Reached skill level 6 in Fighting
  7576 | D:7      | Reached XP level 9. HP: 53/56 MP: 12/15
  7644 | D:7      | Reached skill level 5 in Dodging
  7644 | D:7      | Reached skill level 5 in Transmutations
  8223 | D:7      | Reached skill level 7 in Fighting
  8227 | D:7      | Killed a white ugly thing
  8449 | D:7      | Learned a level 2 spell: Passwall
  8610 | D:7      | Reached XP level 10. HP: 29/63 MP: 13/16
  8988 | D:7      | Reached skill level 5 in Ice Magic
  8988 | D:7      | Reached skill level 1 in Earth Magic
  9390 | D:7      | Reached skill level 8 in Fighting
  9761 | D:7      | Found a staircase to the Ecumenical Temple.
 10282 | D:8      | Noticed Joseph
 10295 | D:8      | Killed Joseph
 10733 | D:8      | Reached ***** piety under Hepliaklqana
 10745 | D:8      | Noticed Maggie
 10757 | D:8      | Killed Maggie
 11167 | D:8      | Found a white marble altar of Elyvilon.
 11168 | D:8      | Found a glowing golden altar of the Shining One.
 11180 | D:8      | Found a glowing silver altar of Zin.
 11919 | D:9      | Found a transporter.
 11992 | D:9      | Noticed Harold
 12053 | D:9      | Killed Harold
 12445 | D:9      | Found a transporter.
 12792 | D:9      | Slain by an unseen horror

Illustrated notes

Levels and vault maps discovered:
D:1:      dpeg_arrival_leaves_temple_mockup, layout_basic,
          basic_ecumenical_altar
D:2:      layout_basic, hangedman_decor_points
D:3:      layout_loops_ring
D:4:      layout_basic, serial_shops, kennysheep_mini, saegor_snake_ambush,
          uniq_ijyb, uniq_sigmund
D:5:      layout_loops_corners, okawaru_gym_becter, roderic_roman_lattice,
          uniq_eustachio
D:6:      layout_gridville, serial_shops, shop, chequers_serial_rivers_micro_c
D:7:      kennysheep_windowed_halls, layout_loops_corners,
          minmay_temple_entry_from_below_a
D:8:      layout_layer_cave, good_gods_temple_1, ebering_dispersal_statue_hall,
          uniq_joseph, uniq_maggie
D:9:      gammafunk_cloud_chamber, layout_basic, fedhas_bush_and_centaur_altar,
          grunt_temple_overflow_diamond, serial_shops, kennysheep_mini_moat,
          uniq_harold

Skill      XL: |  1  2  3  4  5  6  7  8  9 10 |
---------------+-------------------------------+-----
Fighting       | 2 3 4 6 7 8 |  8.9
Ice Magic      | 1 2 4 5 |  5.8
Transmutations | 3 4 5 6 |  6.5
Dodging        | 3 4 5 6 |  6.5
Spellcasting   | 3 4 |  4.0
Poison Magic   | 1 2 |  2.0
Unarmed Combat | 4 5 6 |  6.9
Earth Magic    | 3 |  3.0

Action                   |  1- 3 |  4- 6 |  7- 9 | 10-12 || total
-------------------------+-------+-------+-------+-------++-------
Melee: Unarmed           |    97 |    86 |   231 |   184 ||   598
       Constrict         |    25 |    21 |    13 |    10 ||    69
       Tentacles         |    16 |    15 |    11 |    13 ||    55
       Punch             |     3 |     3 |     2 |       ||     8
       Kick              |       |     7 |       |       ||     7
 Cast: Beastly Appendage |       |     2 |       |       ||     2
       Spider Form       |       |       |    22 |     4 ||    26
       Ice Form          |       |       |       |    15 ||    15
Invok: Ancestor Life: He |     1 |       |       |       ||     1
       Ancestor Identity |     1 |       |       |       ||     1
       Recall Ancestor   |       |       |     1 |       ||     1
Evoke: Wand              |       |       |       |     3 ||     3
  Use: Scroll            |       |     2 |     4 |       ||     6
       Potion            |       |       |     2 |     1 ||     3
 Stab: Sleeping          |     6 |     5 |     5 |       ||    16
       Confused          |       |     2 |     7 |     2 ||    11
       Distracted        |       |     1 |     1 |     2 ||     4
       Paralysed         |       |       |       |    12 ||    12
Armor: Skin              |     5 |     6 |    25 |    36 ||    72
Dodge: Dodged            |    49 |    63 |   145 |   100 ||   357

Table legend: (Time is in decaauts)
 A = Elapsed time spent in this place.
 B = Non-inter-level travel time spent in this place.
 C = Inter-level travel time spent in this place.
 D = Time resting spent in this place.
 E = Time spent auto-exploring this place.
 F = Levels seen in this place.
 G = Mean time per level.
                   A        B        C        D        E       F      G
               +--------+--------+--------+--------+--------+-----+--------+
         Total |  12722 |  12535 |    187 |   2890 |   8075 |   9 | 1413.6 |
       Dungeon |  12722 |  12535 |    187 |   2890 |   8075 |   9 | 1413.6 |
               +--------+--------+--------+--------+--------+-----+--------+

Top non-repeatable levels by time:
     D:7: 3148 daAuts
     D:4: 2016 daAuts
     D:8: 1574 daAuts
     D:5: 1235 daAuts
     D:1: 1192 daAuts
     D:9: 1005 daAuts
     D:3: 916 daAuts
     D:2: 841 daAuts
     D:6: 792 daAuts
